 Dungeon Crawl Stone Soup version 0.19.5 (webtiles) character file.

360 Nikta the Covert (level 6, -1/45 HPs)
             Began as a Spriggan Assassin on Mar 15, 2017.
             Slain by a killer bee (5 damage)
             ... on level 7 of the Dungeon.
             The game lasted 00:09:25 (1487 turns).

Nikta the Covert (Spriggan Assassin)                Turns: 1487, Time: 00:09:26

Health: -1/45      AC:  3    Str: 12    XL:     6   Next: 38%
Magic:  7/7        EV: 18    Int: 13    God:
Gold:   115        SH:  0    Dex: 19    Spells: 0 memorised, 5 levels left

rFire  . . .     SeeInvis +     b - +0 blowgun
rCold  . . .     Gourm    .     c - +0 robe
rNeg   . . .     Faith    +     (shield restricted)
rPois  .         Spirit   .     (helmet restricted)
rElec  .         Reflect  .     d - +0 cloak
rCorr  .         Harm     .     (gloves unavailable)
MR     +....                    (boots unavailable)
Stlth  ..........               k - amulet of faith
                                (no ring)
                                (no ring)

@: berserking (expiring), lethally poisoned (-1 -> -8), flying, very slightly
contaminated, hasted, very quick
A: unfitting armour, see invisible, herbivore 3, speed 3, slow metabolism 2
a: no special abilities


You were on level 7 of the Dungeon.
You were not hungry.

You visited 2 branches of the dungeon, and saw 8 of its levels.
You also visited: Ossuary.

You collected 115 gold pieces.

Inventory:

Hand Weapons
 a - a +2 dagger
 b - a +0 blowgun (weapon)
Armour
 c - a +0 robe (worn)
 d - a +0 cloak (worn)
Jewellery
 j - an uncursed ring of ice
 k - an amulet of faith (around neck)
 p - an uncursed ring of resist corrosion {unknown}
Wands
 r - a wand of flame (28/48)
Scrolls
 h - a scroll of blinking
 m - a scroll of enchant armour {unknown}
 n - 4 scrolls of identify {unknown}
 v - 2 scrolls of remove curse {unknown}
 w - a scroll of summoning {unknown}
Potions
 l - a potion of ambrosia {unknown}
 o - a potion of haste
 t - 3 potions of flight
 u - a potion of brilliance {unknown}
Books
 e - a book of Power

   Spells                             Type                      Level
   a - Fulminant Prism                Conjuration/Hexes            4
   b - Iskenderun's Mystic Blast      Conjuration                  4
   c - Venom Bolt                     Conjuration/Poison           5
   d - Bolt of Magma                  Conjuration/Fire/Earth       5
   e - Iron Shot                      Conjuration/Earth            6
   f - Orb of Destruction             Conjuration                  7
   g - Spellforged Servitor           Conjuration/Summoning        7
Comestibles
 g - 3 bread rations


   Skills:
 + Level 1.9 Fighting
 + Level 3.1 Short Blades
 + Level 3.1 Throwing
 + Level 2.8 Dodging
 + Level 10.0 Stealth


You had 5 spell levels left.
You didn't know any spells.

Dungeon Overview and Level Annotations

Branches:
Dungeon (8/15)             Temple (1/1) D:4
   Lair: D:8-11

Altars:
Cheibriados
Elyvilon
Fedhas
Gozag
Hepliaklqana
Kikubaaqudgha
Makhleb
Okawaru
Qazlal
Sif Muna
Trog
Vehumet
Yredelemnul
Zin
The Shining One

Annotations:
D:3 Grinder


Innate Abilities, Weirdness & Mutations

You are very small and have problems with some larger weapons.
You are too small for most types of armour.
You have supernaturally acute eyesight. (SInv)
You are a herbivore.
You cover ground extremely quickly.
You need consume almost no food.


Message History

* * * LOW HITPOINT WARNING * * *
You feel sick.
It was a potion of berserk rage.
A red film seems to cover your vision as you go berserk!
You feel yourself moving faster!
You feel mighty!
You are too berserk!
You feel a strong urge to attack something.
* * * LOW HITPOINT WARNING * * *
You feel sick.
Really attack while wielding your +0 blowgun?
You hit the killer bee!
The killer bee is almost dead.
* * * LOW HITPOINT WARNING * * *
You feel sick. The killer bee completely misses you.
The killer bee barely misses you.
You miss the killer bee.
The killer bee is almost dead.
* * * LOW HITPOINT WARNING * * *
You feel sick. The killer bee stings you.
You die...

#.# #..# #.# #..# #.# #..# #.#
#..# #.# #..# #.########..#
#...........#
############################.#
(.(....(.......y@......†.....#
##################.#########.#
### ###


You could see a killer bee.

Vanquished Creatures
  A centaur (D:8)
  A bullfrog (D:7)
  3 killer bees (D:7)
  A hound (D:7)
  A hound zombie (D:7)
  2 adders
  2 worms
  A dart slug (D:2)
  A leopard gecko (D:2)
  2 bats (D:1)
  3 giant cockroaches (D:2)
  2 goblins
  A hobgoblin (D:2)
  3 jackals (D:7)
  3 kobolds
  A rat (D:3)
28 creatures vanquished.

Notes
Turn   | Place    | Note
-------+----------+-------------------------------------------
     0 | D:1      | Nikta the Spriggan Assassin began the quest for the Orb.
     0 | D:1      | Reached XP level 1. HP: 10/10 MP: 2/2
    20 | D:1      | Reached skill level 6 in Stealth
    79 | D:2      | You fall through a shaft!
    82 | D:3      | Reached XP level 2. HP: 14/14 MP: 3/3
    98 | D:3      | Found a bloodstained altar of Trog.
   142 | D:3      | Noticed Grinder
   145 | D:3      | Paralysed by Grinder for 2 turns
   304 | D:1      | Reached skill level 7 in Stealth
   378 | D:2      | Reached XP level 3. HP: 11/18 MP: 4/4
   482 | D:3      | Found a glowing silver altar of Zin.
   718 | D:4      | Found a staircase to the Ecumenical Temple.
   728 | Temple   | Entered the Ecumenical Temple
   857 | D:4      | Found a radiant altar of Vehumet.
   944 | D:4      | You fall through a shaft for 2 floors!
   945 | D:6      | Noticed a phantom
   949 | D:6      | Noticed a phantom
   986 | D:7      | Noticed a bullfrog
   994 | D:7      | Killed a bullfrog
   994 | D:7      | Reached skill level 8 in Stealth
   994 | D:7      | Reached XP level 4. HP: 23/23 MP: 5/5
  1015 | D:7      | Reached skill level 9 in Stealth
  1015 | D:7      | Reached XP level 5. HP: 20/26 MP: 6/6
  1065 | D:7      | Found a blossoming altar of Fedhas.
  1092 | D:7      | Noticed a phantom
  1132 | D:7      | Found a sand-covered staircase.
  1137 | Ossuary  | Entered an ossuary
  1142 | Ossuary  | Noticed sinus's ghost (novice GrGl)
  1265 | D:8      | Noticed a centaur
  1270 | D:8      | Killed a centaur
  1274 | D:8      | Noticed a hippogriff
  1290 | D:8      | Found a stormy altar of Qazlal.
  1291 | D:8      | Noticed a fire elemental
  1296 | D:8      | Noticed an air elemental
  1299 | D:8      | Noticed a water elemental
  1351 | D:7      | Noticed a sky beast
  1405 | D:7      | Reached XP level 6. HP: 24/30 MP: 7/7
  1457 | D:7      | Reached skill level 10 in Stealth
  1487 | D:7      | Slain by a killer bee

Skill      XL: |  1  2  3  4  5  6 |
---------------+-------------------+-----
Stealth        | 6 7 8 9 10 | 10.0
Dodging        | 2 |  2.8
Short Blades   | 3 |  3.1
Throwing       | 3 |  3.1
Fighting       | |  1.9

Action                   |  1- 3 |  4- 6 || total
-------------------------+-------+-------++-------
Melee: Dagger            |    30 |    19 ||    49
       Blowgun           |       |     2 ||     2
 Fire: Blowgun           |     5 |    20 ||    25
  Use: Scroll            |     2 |       ||     2
       Potion            |       |     4 ||     4
 Stab: Sleeping          |    17 |     1 ||    18
Armor: Robe              |     4 |     2 ||     6
Dodge: Dodged            |    38 |    45 ||    83
